 Dungeon Crawl Stone Soup version 0.20-b1-24-gb21faa7 (webtiles) character file.

128 cereshysteria the Charmwright (level 5, 0/46 HPs)
             Began as a Naga Skald on May 25, 2017.
             Was a Follower of Elyvilon.
             Slain by a gnoll
             ... wielding a +0 halberd
              (13 damage)
             ... on level 3 of the Dungeon.
             The game lasted 00:11:45 (2948 turns).

cereshysteria the Charmwright (Naga Skald)          Turns: 2948, Time: 00:11:46

Health: 0/46       AC:  1    Str: 15    XL:     5   Next: 11%
Magic:  3/8        EV: 10    Int: 13    God:    Elyvilon [*.....]
Gold:   113        SH:  0    Dex: 10    Spells: 2/9 levels left

rFire    . . .     SeeInvis +   a - +1 hand axe
rCold    . . .     Gourm    .   (no shield)
rNeg     . . .     Faith    .   (no armour)
rPois    +         Spirit   .   (no helmet)
rElec    .         Reflect  .   (no cloak)
rCorr    .         Harm     .   (no gloves)
MR       .....                  (no barding)
Stlth    +.........             (no amulet)
Regen    0.2/turn               (no ring)
MPRegen  0.2/turn               (no ring)

@: infused (expiring), very slow
A: see invisible, deformed body, poison resistance, slowness 2, slow metabolism
1, spit poison 1, AC +1
a: Spit Poison, Lesser Healing, Divine Protection, Renounce Religion


You were on level 3 of the Dungeon.
You worshipped Elyvilon.
Elyvilon was aware of your devotion.
You were not hungry.

You visited 1 branch of the dungeon, and saw 3 of its levels.

You collected 113 gold pieces.

Inventory:

Hand Weapons
 a - a +1 hand axe (weapon)
Armour
 b - a +0 leather armour
 h - a +0 chain mail
 j - a +0 robe
Scrolls
 e - a scroll of magic mapping
 g - a scroll of fear {unknown}
 i - a scroll of blinking
Potions
 f - a potion of agility
 k - a potion of berserk rage {unknown}
Books
 c - a book of Battle

   Spells                             Type                      Level
   a - Infusion                       Charms                       1
   b - Shroud of Golubria             Charms/Translocation         2
   c - Song of Slaying                Charms                       2
   d - Spectral Weapon                Hexes/Charms                 3
   e - Regeneration                   Charms/Necromancy            3
Comestibles
 d - a bread ration


   Skills:
 + Level 2.4 Fighting
 + Level 2.9 Axes
 * Level 1.9 Armour
 * Level 2.1 Dodging
 - Level 1.2 Stealth
 * Level 2.6 Spellcasting
 + Level 3.3 Charms


You had 2 spell levels left.
You knew the following spells:

 Your Spells              Type           Power        Failure   Level  Hunger
a - Infusion              Chrm           ##..         6%          1    #......
b - Spectral Weapon       Hex/Chrm       #.......     36%         3    ###....
c - Regeneration          Chrm/Necr      #.........   36%         3    ###....


Dungeon Overview and Level Annotations

Branches:
Dungeon (3/15)

Altars:
Elyvilon

Portals:
Sewer: D:3


Innate Abilities, Weirdness & Mutations

You cannot wear boots.
Your serpentine skin is tough. (AC +1)
You have supernaturally acute eyesight. (SInv)
Armour fits poorly on your strangely shaped body.
Your system is resistant to poisons. (rPois)
You cover ground very slowly.
You have a slow metabolism.
You can spit poison.


Message History

Your magical infusion is running out.
The gnoll closely misses you.
You swap places.
The gnoll misses you. The gnoll closely misses you.
You barely miss the gnoll. You hit the gnoll!
Your spectral weapon misses the gnoll.
Your spectral weapon hits the gnoll.
The gnoll hits you with a vampiric spear!
The gnoll hits you with a halberd.
You barely miss the gnoll.
The gnoll is almost dead.
You hit the gnoll.
Your spectral weapon hits the gnoll!
You kill the gnoll!
Your spectral weapon hits the gnoll.
The gnoll hits you with a halberd!
* * * LOW HITPOINT WARNING * * *
You are too injured to fight recklessly!
You are too injured to fight recklessly!
You are too injured to fight recklessly!
You are too injured to fight recklessly!
You are too injured to fight recklessly!
The gnoll hits you from afar with a halberd!
You die...

#.#
#.###############
#................
#.#######..######
#.# #††## #.#
#...# #.# #≈≈≈#
## ##.#######≈≈≈#
#.
####@.......#≈≈≈#
#.
#..(.†.####.#≈≈≈#
#. #..g)....#
#≈∩≈# #
#........# #≈≈≈#
### #........#
#≈≈≈###..
#..g...### #≈≈
#.... #.....##
#≈≈≈###.# #.#.###
#...#....
#.#.....ggg
#.......


You could see 2 gnolls and a friendly spectral hand axe.

Vanquished Creatures
  A gnoll (D:3)
  4 adders (D:2)
  A worm (D:2)
  4 dart slugs
  3 leopard geckos
  An orc (D:3)
  4 giant cockroaches
  4 hobgoblins
  7 jackals (D:1)
  9 kobolds
  A ball python (D:2)
  7 bats
  5 frilled lizards
  9 goblins
  5 rats
65 creatures vanquished.

Vanquished Creatures (others)
  A quokka (D:2)
1 creature vanquished.

Grand Total: 66 creatures vanquished

Notes
Turn   | Place    | Note
-------+----------+-------------------------------------------
     0 | D:1      | cereshysteria the Naga Skald began the quest for the Orb.
     0 | D:1      | Reached XP level 1. HP: 19/19 MP: 3/3
   204 | D:1      | Reached skill level 1 in Armour
   255 | D:1      | Reached XP level 2. HP: 25/26 MP: 5/5
   827 | D:1      | Reached XP level 3. HP: 31/32 MP: 0/6
  1252 | D:2      | Reached XP level 4. HP: 34/39 MP: 4/7
  1293 | D:2      | Learned a level 3 spell: Spectral Weapon
  1300 | D:2      | Learned a level 3 spell: Regeneration
  1345 | D:2      | Found a white marble altar of Elyvilon.
  1390 | D:2      | Became a worshipper of Elyvilon the Healer
  1491 | D:2      | Reached skill level 1 in Stealth
  2159 | D:2      | Reached * piety under Elyvilon
  2185 | D:2      | Found a white marble altar of Elyvilon.
  2900 | D:3      | Found a glowing drain.
  2906 | D:3      | Reached XP level 5. HP: 43/45 MP: 2/8
  2948 | D:3      | Slain by a gnoll

Skill      XL: |  1  2  3  4 |
---------------+-------------+-----
Armour         | 1 |  1.9
Stealth        | 1 |  1.2
Dodging        | 2 |  2.1
Fighting       | |  2.4
Axes           | |  2.9
Spellcasting   | |  2.6
Charms         | |  3.3

Action                   |  1- 3 |  4- 6 || total
-------------------------+-------+-------++-------
Melee: Hand axe          |   129 |    79 ||   208
 Cast: Infusion          |     4 |    15 ||    19
       Spectral Weapon   |       |     1 ||     1
  Use: Potion            |     3 |     2 ||     5
       Scroll            |     2 |     3 ||     5
 Stab: Sleeping          |       |     2 ||     2
  Eat: Bread ration      |     1 |     1 ||     2
Armor: Chain mail        |    85 |    33 ||   118
       Leather armour    |     1 |       ||     1
       Skin              |       |     1 ||     1
Dodge: Dodged            |    38 |    48 ||    86
